 Dungeon Crawl Stone Soup version 0.21.0-37-g46506fa (webtiles) character file.

10063 Megalobster the Martial Artist (level 11, -13/148 HPs)
             Began as a Gnoll Transmuter on Jan 30, 2018.
             Was an Initiate of Gozag.
             Killed from afar by tidbits's ghost (27 damage)
             ... with a stone arrow
             ... on level 10 of the Dungeon on Feb 1, 2018.
             The game lasted 00:58:28 (14080 turns).

Megalobster the Martial Artist (Gnoll Transmuter)  Turns: 14080, Time: 00:58:28

Health: -13/148    AC:  9    Str: 19      XL:     11   Next: 56%
Magic:  17/23      EV: 14    Int: 17      God:    Gozag
Gold:   845        SH:  0    Dex: 14 (16) Spells: 16/26 levels left

rFire    x . .     SeeInvis .     - Unarmed
rCold    + + +     Gourm    .   (shield currently unavailable)
rNeg     . . .     Faith    .   (armour currently unavailable)
rPois    +         Spirit   .   (helmet currently unavailable)
rElec    .         Reflect  .   (cloak currently unavailable)
rCorr    .         Harm     .   (gloves currently unavailable)
MR       .....                  (boots currently unavailable)
Stlth    ..........             (no amulet)
HPRegen  0.34/turn              h - +3 ring of protection
MPRegen  0.18/turn              G - ring of protection from cold

@: mighty, berserking, ice-form, very quick
A: large, distributed training, strong nose
a: End Transformation, Potion Petition, Call Merchant, Bribe Branch, Renounce
Religion


You were on level 10 of the Dungeon.
You worshipped Gozag.
Gozag was pleased with you.
You were not hungry.
You were a creature of crystalline ice.
You visited 2 branches of the dungeon, and saw 11 of its levels.

You collected 2007 gold pieces.
You spent 1099 gold pieces at shops.
You paid 63 gold pieces to Gozag.

Inventory:

Hand Weapons
 a - a +2 short sword of venom (melded)
 b - a +0 hunting sling
 f - a +1 flail of venom
 z - a +0 spear of flaming
 O - a +1 whip of flaming
Missiles
 e - 273 stones (quivered)
 o - 168 arrows
 p - 3 throwing nets {!f}
 r - 88 sling bullets
 Q - 7 tomahawks
Armour
 j - a +0 shield
 q - a +1 pair of gloves
 u - a +0 buckler (melded)
 y - a +2 robe of magic resistance (melded)
 I - a +0 cloak (melded)
 J - a +3 leather armour of poison resistance
 T - a +1 pair of gloves of strength (melded)
 U - a +1 pair of boots of running (melded)
Jewellery
 h - a +3 ring of protection (left front paw)
 s - an uncursed ring of wizardry
 B - an uncursed ring of resist corrosion
 C - an uncursed ring of magical power
 G - a ring of protection from cold (right front paw)
Wands
 n - a wand of acid (5)
 w - a wand of random effects (16)
 K - a wand of flame (74)
Scrolls
 k - 5 scrolls of teleportation
 F - a scroll of blinking
 H - 4 scrolls of identify {@r1}
 L - a scroll of enchant weapon
 M - 2 scrolls of fog
 P - a scroll of holy word
 S - 5 scrolls of amnesia
 V - 3 scrolls of immolation
 X - a scroll of fear {unknown}
 Y - a scroll of enchant armour {unknown}
Potions
 g - 3 potions of brilliance
 i - a potion of resistance
 l - 3 potions of curing {@q1}
 m - 2 potions of heal wounds
 t - a potion of might
 v - a potion of berserk rage
 x - 5 potions of haste
 E - a potion of flight
 W - a potion of magic
Books
 c - a book of Changes

   Spells                             Type                      Level
   a - Beastly Appendage              Transmutation                1
   b - Sticks to Snakes               Transmutation                2
   c - Spider Form                    Transmutation/Poison         3
   d - Ice Form                       Ice/Transmutation            4
   e - Blade Hands                    Transmutation                5
Comestibles
 d - 13 rations


   Skills:
 + Level 6.8 Fighting
 + Level 6.3 Short Blades
 + Level 6.3 Long Blades
 + Level 6.3 Axes
 + Level 6.3 Maces & Flails
 + Level 6.3 Polearms
 + Level 6.3 Staves
 + Level 6.3 Slings
 + Level 6.3 Bows
 + Level 6.3 Crossbows
 + Level 6.3 Throwing
 + Level 6.3 Armour
 + Level 7.9 Dodging
 + Level 6.3 Stealth
 + Level 6.3 Shields
 + Level 9.2 Unarmed Combat
 + Level 8.1 Spellcasting
 + Level 5.2 Conjurations
 + Level 5.2 Hexes
 + Level 5.2 Charms
 + Level 5.2 Summonings
 + Level 5.2 Necromancy
 + Level 5.2 Translocations
 + Level 6.5 Transmutations
 + Level 5.2 Fire Magic
 + Level 5.2 Ice Magic
 + Level 5.2 Air Magic
 + Level 5.2 Earth Magic
 + Level 5.2 Poison Magic
 + Level 6.9 Invocations
 + Level 6.3 Evocations


You had 16 spell levels left.
You knew the following spells:

 Your Spells              Type           Power        Failure   Level  Hunger
a - Beastly Appendage     Tmut           ####..       1%          1    None
b - Sticks to Snakes      Tmut           ####....     1%          2    None
c - Spider Form           Tmut/Pois      ####......   2%          3    #......
d - Ice Form              Ice/Tmut       ####....     9%          4    ###....


Dungeon Overview and Level Annotations

Branches:
Dungeon (10/15)            Temple (1/1) D:4
   Lair: D:8-11         Orc: D:9-12

Altars:
Ashenzari
Cheibriados
Dithmenos
Elyvilon
Fedhas
Gozag
Hepliaklqana
Kikubaaqudgha
Makhleb
Nemelex Xobeh
Okawaru
Qazlal
Ru
Sif Muna
Trog
Uskayaw
Vehumet
Wu Jian
Xom
Yredelemnul
Zin
The Shining One

Shops:
D:5 [*%*

Annotations:
D:10 tidbits's ghost, journeyman GnEE


Innate Abilities, Weirdness & Mutations

Your experience applies equally to all skills.
((You have very sharp teeth.))
Your uncanny sense of smell can sniff out nearby items.


Message History

* * * LOW HITPOINT WARNING * * *
You take 38 damage, and have 13/148 hp.
MASSIVE DAMAGE!!
You hit tidbits's ghost. You freeze tidbits's ghost.
Tidbits's ghost is severely damaged.
Your adder is engulfed in noxious fumes.
Your adder appears confused.
Your adder bites itself.
You pummel tidbits's ghost!! You freeze tidbits's ghost.
Tidbits's ghost is almost destroyed.
Tidbits's ghost points at you and mumbles some strange words.
The blast of sand misses you.
Your adder bites you but does no damage.
You barely miss tidbits's ghost.
Tidbits's ghost is almost destroyed.
You barely miss tidbits's ghost.
Tidbits's ghost is almost destroyed.
Tidbits's ghost casts a spell at you. The stone arrow hits you!
You die...
Your body crumbles into a pile of gold.

#...# #...# #...#
#...# #...# ##...#
#...# .....# .# #...#
###..# #.# #...# #..#
#.# #...# #..# #.#
#W..# #..#####)#
#.YS##### #........#
#..S......
#........####.........
#..............#######
#.^......))..^.#
#........)###..#
#.........# #..#
#.........# #..#
#.........# #..#


You could see tidbits's ghost and 2 friendly adders.

Vanquished Creatures
  A yaktaur captain (D:8)
  A centaur warrior (D:8)
  A two-headed ogre (D:9)
  A death yak (D:7)
  An efreet (D:8)
  A troll (D:8)
  Grinder (D:6)
  2 polar bears (D:8)
  2 hippogriffs (D:7)
  Sigmund (D:6)
  5 yaks
  Eustachio (D:6)
  A basilisk (D:8)
  2 hungry ghosts (D:9)
  A water moccasin (D:8)
  Duvessa (D:4)
  A sky beast (D:7)
  6 ice beasts
  4 black bears
  3 phantoms
  4 ogres
  7 centaurs
  A wolf (D:8)
  5 bullfrogs
  Dowan (D:4)
  2 scorpions (D:9)
  4 wights (D:9)
  An electric eel (D:8)
  3 howler monkeys
  2 bullfrog zombies (D:7)
  6 crimson imps
  A quasit (D:9)
  A centaur zombie (D:8)
  3 jellies
  3 hounds
  3 orc priests
  8 orc wizards
  Crazy Yiuf (D:6)
  2 bullfrog skeletons
  Natasha (thrice) (D:2)
  8 worker ants
  2 centaur simulacra (D:8)
  A hound skeleton (D:5)
  10 gnolls
  A howler monkey skeleton (D:4)
  16 adders
  2 shadow imps (D:5)
  5 white imps (D:8)
  A worker ant simulacrum (D:8)
  An ooze (D:5)
  2 adder zombies
  An adder skeleton (D:5)
  A worm (D:2)
  A dart slug (D:3)
  9 leopard geckos
  37 orcs
  A ball python (D:3)
  2 bat zombies (D:6)
  6 giant cockroaches
  3 goblins
  11 hobgoblins
  8 jackals
  5 quokkas
  7 bats
  7 frilled lizards
  A jackal skeleton (D:5)
  11 kobolds
  A quokka simulacrum (D:8)
  12 rats
  A rat zombie (D:6)
272 creatures vanquished.

Vanquished Creatures (collateral kills)
  An orc warrior (D:6)
  An adder (D:4)
  2 giant cockroaches
4 creatures vanquished.

Grand Total: 276 creatures vanquished

Notes
Turn   | Place    | Note
-------+----------+-------------------------------------------
     0 | D:1      | Megalobster the Gnoll Transmuter began the quest for the Orb.
     0 | D:1      | Reached XP level 1. HP: 17/17 MP: 6/6
   212 | D:1      | Reached XP level 2. HP: 22/23 MP: 7/7
   216 | D:1      | Learned a level 2 spell: Sticks to Snakes
   645 | D:1      | Reached XP level 3. HP: 26/28 MP: 3/9
   650 | D:1      | Reached skill level 5 in Spellcasting
   729 | D:1      | Learned a level 3 spell: Spider Form
  1150 | D:2      | Reached skill level 1 in Invocations
  1254 | D:2      | Reached skill level 1 in Short Blades
  1254 | D:2      | Reached skill level 1 in Long Blades
  1254 | D:2      | Reached skill level 1 in Axes
  1254 | D:2      | Reached skill level 1 in Maces & Flails
  1254 | D:2      | Reached skill level 1 in Polearms
  1254 | D:2      | Reached skill level 1 in Staves
  1254 | D:2      | Reached skill level 1 in Slings
  1254 | D:2      | Reached skill level 1 in Bows
  1254 | D:2      | Reached skill level 1 in Crossbows
  1254 | D:2      | Reached skill level 1 in Throwing
  1254 | D:2      | Reached skill level 1 in Armour
  1254 | D:2      | Reached skill level 1 in Stealth
  1254 | D:2      | Reached skill level 1 in Shields
  1254 | D:2      | Reached skill level 1 in Evocations
  1260 | D:2      | Noticed Natasha
  1281 | D:2      | Killed Natasha
  1281 | D:2      | Reached XP level 4. HP: 15/34 MP: 7/11
  1458 | D:2      | Noticed Natasha
  1476 | D:2      | Killed Natasha
  1476 | D:2      | Reached skill level 1 in Conjurations
  1476 | D:2      | Reached skill level 1 in Hexes
  1476 | D:2      | Reached skill level 1 in Charms
  1476 | D:2      | Reached skill level 1 in Summonings
  1476 | D:2      | Reached skill level 1 in Necromancy
  1476 | D:2      | Reached skill level 1 in Translocations
  1476 | D:2      | Reached skill level 1 in Fire Magic
  1476 | D:2      | Reached skill level 1 in Ice Magic
  1476 | D:2      | Reached skill level 1 in Air Magic
  1476 | D:2      | Reached skill level 1 in Earth Magic
  1476 | D:2      | Reached skill level 1 in Poison Magic
  1745 | D:2      | Found a shadowy altar of Dithmenos.
  1816 | D:2      | Noticed Natasha
  1852 | D:2      | Killed Natasha
  1852 | D:2      | Reached XP level 5. HP: 24/40 MP: 5/12
  3063 | D:3      | Reached XP level 6. HP: 46/47 MP: 13/13
  3437 | D:4      | Noticed Dowan
  3441 | D:4      | Noticed Duvessa
  3601 | D:4      | Noticed a phantom
  3606 | D:4      | Killed Duvessa
  3606 | D:4      | Reached skill level 5 in Dodging
  3657 | D:3      | Killed a phantom
  3657 | D:3      | Reached XP level 7. HP: 16/52 MP: 8/15
  4014 | D:4      | Reached skill level 7 in Unarmed Combat
  4049 | D:4      | Killed Dowan
  4254 | D:4      | Found a staircase to the Ecumenical Temple.
  4290 | Temple   | Entered the Ecumenical Temple
  4393 | Temple   | Became a worshipper of Gozag Ym Sagoz the Greedy
  4592 | D:5      | Entered Level 5 of the Dungeon
  4797 | D:5      | Reached XP level 8. HP: 31/60 MP: 16/16
  4831 | D:5      | Found a radiant altar of Vehumet.
  4831 | D:5      | Found a sacrificial altar of Ru.
  4998 | D:5      | Found Hioqih's Assorted Antiques.
  5009 | D:5      | Bought a scroll of remove curse for 81 gold pieces
  5051 | D:5      | Bought a scroll of teleportation for 81 gold pieces
  5151 | D:5      | Found Ceshenoa's Armour Emporium.
  5658 | D:5      | Found the -3 mace of Variability {chaos}
  5659 | D:5      | Found Kudopluu's General Store.
  5660 | D:5      | Found Usatah's Food Boutique.
  5754 | D:5      | Bought a potion of haste for 150 gold pieces
  5754 | D:5      | Bought a potion of flight for 45 gold pieces
  5914 | D:6      | Noticed Grinder
  5927 | D:6      | Killed Grinder
  6043 | D:6      | Found a runed door.
  6048 | D:6      | Noticed Crazy Yiuf
  6053 | D:6      | Killed Crazy Yiuf
  6137 | D:6      | Noticed Sigmund
  6149 | D:6      | Killed Sigmund
  6301 | D:6      | Reached XP level 9. HP: 25/66 MP: 18/18
  6506 | D:6      | Noticed Eustachio
  6528 | D:6      | Killed Eustachio
  6528 | D:6      | Reached skill level 5 in Transmutations
  7204 | D:6      | Found an ancient bone altar of Kikubaaqudgha.
  7582 | D:7      | Reached skill level 5 in Fighting
  8087 | D:7      | Reached skill level 8 in Unarmed Combat
  8104 | D:7      | Found a burning altar of Makhleb.
  8374 | D:7      | Reached skill level 5 in Invocations
  8820 | D:7      | Reached XP level 10. HP: 68/74 MP: 20/20
  9352 | D:8      | Reached skill level 5 in Short Blades
  9352 | D:8      | Reached skill level 5 in Long Blades
  9352 | D:8      | Reached skill level 5 in Axes
  9352 | D:8      | Reached skill level 5 in Maces & Flails
  9352 | D:8      | Reached skill level 5 in Polearms
  9352 | D:8      | Reached skill level 5 in Staves
  9352 | D:8      | Reached skill level 5 in Slings
  9352 | D:8      | Reached skill level 5 in Bows
  9352 | D:8      | Reached skill level 5 in Crossbows
  9352 | D:8      | Reached skill level 5 in Throwing
  9352 | D:8      | Reached skill level 5 in Armour
  9352 | D:8      | Reached skill level 5 in Stealth
  9352 | D:8      | Reached skill level 5 in Shields
  9352 | D:8      | Reached skill level 5 in Evocations
 10012 | D:7      | Learned a level 4 spell: Ice Form
 10198 | D:5      | Bought a +1 pair of gloves of strength for 231 gold pieces
 10198 | D:5      | Bought a +1 pair of boots of running for 511 gold pieces
 10418 | D:8      | Noticed a death yak
 10939 | D:7      | Killed a death yak
 12000 | D:8      | Found a glowing silver altar of Zin.
 12040 | D:8      | Reached XP level 11. HP: 82/82 MP: 18/22
 12041 | D:8      | Found a large runed door.
 12052 | D:8      | Found a large runed door.
 12175 | D:8      | Noticed a centaur warrior
 12175 | D:8      | Noticed a yaktaur captain
 12186 | D:8      | Killed a centaur warrior
 12187 | D:8      | Found a burning altar of Makhleb.
 12192 | D:8      | Killed a yaktaur captain
 12192 | D:8      | Reached skill level 9 in Unarmed Combat
 12192 | D:8      | Reached skill level 5 in Conjurations
 12192 | D:8      | Reached skill level 5 in Hexes
 12192 | D:8      | Reached skill level 5 in Charms
 12192 | D:8      | Reached skill level 5 in Summonings
 12192 | D:8      | Reached skill level 5 in Necromancy
 12192 | D:8      | Reached skill level 5 in Translocations
 12192 | D:8      | Reached skill level 5 in Fire Magic
 12192 | D:8      | Reached skill level 5 in Ice Magic
 12192 | D:8      | Reached skill level 5 in Air Magic
 12192 | D:8      | Reached skill level 5 in Earth Magic
 12192 | D:8      | Reached skill level 5 in Poison Magic
 12199 | D:8      | Found a sacrificial altar of Ru.
 12620 | D:9      | Found a shattered altar of Ashenzari.
 12819 | D:9      | Noticed a two-headed ogre
 13227 | D:9      | Killed a two-headed ogre
 13851 | D:10     | Entered Level 10 of the Dungeon
 14051 | D:10     | Noticed tidbits's ghost (journeyman GnEE)
 14080 | D:10     | Killed from afar by tidbits's ghost

Skill      XL: |  1  2  3  4  5  6  7  8  9 10 11 |
---------------+----------------------------------+-----
Spellcasting   | 5 6 7 8 |  8.1
Invocations    | 1 2 3 4 5 6 |  6.9
Short Blades   | 1 2 3 4 5 6 |  6.3
Long Blades    | 1 2 3 4 5 6 |  6.3
Axes           | 1 2 3 4 5 6 |  6.3
Maces & Flails | 1 2 3 4 5 6 |  6.3
Polearms       | 1 2 3 4 5 6 |  6.3
Staves         | 1 2 3 4 5 6 |  6.3
Slings         | 1 2 3 4 5 6 |  6.3
Bows           | 1 2 3 4 5 6 |  6.3
Crossbows      | 1 2 3 4 5 6 |  6.3
Throwing       | 1 2 3 4 5 6 |  6.3
Armour         | 1 2 3 4 5 6 |  6.3
Stealth        | 1 2 3 4 5 6 |  6.3
Shields        | 1 2 3 4 5 6 |  6.3
Evocations     | 1 2 3 4 5 6 |  6.3
Conjurations   | 1 2 3 4 5 |  5.2
Hexes          | 1 2 3 4 5 |  5.2
Charms         | 1 2 3 4 5 |  5.2
Summonings     | 1 2 3 4 5 |  5.2
Necromancy     | 1 2 3 4 5 |  5.2
Translocations | 1 2 3 4 5 |  5.2
Fire Magic     | 1 2 3 4 5 |  5.2
Ice Magic      | 1 2 3 4 5 |  5.2
Air Magic      | 1 2 3 4 5 |  5.2
Earth Magic    | 1 2 3 4 5 |  5.2
Poison Magic   | 1 2 3 4 5 |  5.2
Fighting       | 3 4 5 6 |  6.8
Transmutations | 4 5 6 |  6.5
Dodging        | 5 6 7 |  7.9
Unarmed Combat | 7 8 9 |  9.2

Action                   |  1- 3 |  4- 6 |  7- 9 | 10-12 || total
-------------------------+-------+-------+-------+-------++-------
Melee: Unarmed           |    21 |       |    27 |   237 ||   285
       Kick              |     6 |    17 |    28 |     8 ||    59
       Short sword       |   127 |    16 |   374 |    96 ||   613
       Bite              |    12 |    14 |    55 |     8 ||    89
       Punch             |     6 |       |       |       ||     6
       Headbutt          |     1 |     5 |    18 |     4 ||    28
       Dagger            |       |   181 |       |       ||   181
       Spear             |       |    61 |    44 |       ||   105
 Fire: Hunting sling     |       |     7 |       |       ||     7
Throw: Stone             |    16 |    30 |    36 |    30 ||   112
 Cast: Beastly Appendage |     8 |    12 |    26 |     6 ||    52
       Sticks to Snakes  |     4 |    10 |    11 |     7 ||    32
       Spider Form       |       |       |     2 |     4 ||     6
       Ice Form          |       |       |       |    20 ||    20
Invok: Potion Petition   |       |       |     1 |       ||     1
  Use: Scroll            |     2 |    10 |     7 |     5 ||    24
       Potion            |       |     3 |       |     4 ||     7
 Stab: Sleeping          |     1 |       |     7 |     1 ||     9
       Distracted        |       |     2 |     2 |     2 ||     6
       Invisible         |       |       |       |     1 ||     1
  Eat: Chunk             |     1 |     5 |       |       ||     6
       Ration            |       |     1 |     5 |     7 ||    13
Armor: Robe              |     1 |       |    75 |    15 ||    91
       Ring mail         |    58 |    73 |    22 |       ||   153
       Skin              |       |       |     2 |    75 ||    77
       Leather armour    |       |       |       |     5 ||     5
Dodge: Dodged            |   118 |   141 |   257 |   276 ||   792
Block: Buckler           |       |    50 |    86 |    21 ||   157
